 Dungeon Crawl Stone Soup version 0.14-a0-3520-g290746a (webtiles) character file.

2829 KaKa the Conjurer (level 9, -2/45 HPs)
             Began as a Kobold Conjurer on Mar 27, 2014.
             Slain by Edmund
             ... wielding a +0,+0 dire flail
              (10 damage)
             ... on Level 6 of the Dungeon.
             The game lasted 00:48:45 (7787 turns).

KaKa the Conjurer (Kobold Conjurer)                 Turns: 7787, Time: 00:48:46

HP  -2/45        AC  7     Str  8      XL: 9   Next: 81%
MP   2/24        EV 12     Int 17      God:
Gold 337         SH  0     Dex 15 (16) Spells:  4 memorised, 10 levels left

rFire  . . .     SeeInvis .     L - +7,+5 flail of Growth {vamp, *Rage +Inv rElec rPois Int+2}
rCold  + . .     Rnd*Rage +     G - +2 leather armour {rPois}
rNeg   . . .     Conserve .     (no shield)
rPois  +         rCorr    .     g - +1 hat
rElec  +         rRot     .     B - +0 cloak
SustAb . .       Spirit   .     (no gloves)
rMut   .         Warding  .     (no boots)
Saprov + + .     Stasis   .     (no amulet)
MR     .....                    H - ring of poison resistance
                                q - ring of protection from cold

@: very slightly contaminated, drained, not resistant to hostile enchantments,
fairly stealthy
A: disease resistance, carnivore 3, saprovore 2
a: Evoke Invisibility


You were on level 6 of the Dungeon.
You were full.

You visited 1 branch of the dungeon, and saw 7 of its levels.

You collected 409 gold pieces.
You spent 72 gold pieces at shops.

Inventory:

Hand weapons
 a - a +1,+2 war axe of electrocution
 b - a +0,+0 sling
 r - a +0,+0 dagger
 I - a +1,+2 bow of evasion
 L - the +7,+5 flail of Growth (weapon) {vamp, *Rage +Inv rElec rPois Int+2}
   (You found it on level 6 of the Dungeon)

   It inflicts no extra harm, but heals its wielder somewhat when it strikes a
   living foe.
   It affects your intelligence (+2).
   It insulates you from electricity.
   It protects you from poison.
   It lets you turn invisible.
   It may make you go berserk in combat.
Missiles
 p - 24 sling bullets
 J - 26 arrows
Armour
 e - a +0 robe
 g - a +1 hat (worn)
 B - a +0 cloak (worn)
 G - a +2 leather armour of poison resistance (worn)
Magical devices
 A - a wand of slowing (9)
 P - a wand of random effects (16)
Comestibles
 d - a sausage
 n - 7 meat rations
Scrolls
 f - 3 scrolls of identify
 h - a scroll of recharging {unknown}
 i - 2 scrolls of fog {unknown}
 k - 5 scrolls of remove curse
 l - 2 scrolls of teleportation
 o - 2 scrolls of enchant armour {unknown}
 s - 2 scrolls of amnesia {unknown}
 t - a scroll of enchant weapon II {unknown}
 y - a scroll of immolation {unknown}
 D - a scroll of noise {unknown}
 E - 2 scrolls of fear {unknown}
 O - a scroll of vulnerability {unknown}
Jewellery
 q - a ring of protection from cold (left hand)
 H - a ring of poison resistance (right hand)
Potions
 j - a potion of paralysis {unknown}
 m - 2 potions of restore abilities
 v - 2 potions of brilliance
 z - a potion of curing
 C - a potion of confusion
 F - 2 potions of heal wounds
 N - a potion of flight {unknown}
Books
 c - a book of Conjurations

   Spells                             Type                      Level
   *Magic Dart                        Conjuration                  1
   *Searing Ray                       Conjuration                  2
   Dazzling Spray                     Conjuration/Hexes            3
   Fulminant Prism                    Conjuration/Hexes            4
   *Iskenderun's Mystic Blast         Conjuration                  4
   *Iskenderun's Battlesphere         Conjuration/Charms           5
 w - a book of Debilitation

   Spells                             Type                      Level
   Corona                             Hexes                        1
   Slow                               Hexes                        2
   Inner Flame                        Hexes/Fire                   3
   Enslavement                        Hexes                        4
   Cause Fear                         Hexes                        4
   Leda's Liquefaction                Hexes/Earth                  4
 x - a book of Beasts

   Spells                             Type                      Level
   Summon Butterflies                 Summoning                    1
   Call Canine Familiar               Summoning                    3
   Summon Ice Beast                   Ice/Summoning                4
   Summon Mana Viper                  Hexes/Summoning              5
   Monstrous Menagerie                Summoning                    6
   Summon Hydra                       Summoning                    7
 K - a book of Geomancy

   Spells                             Type                      Level
   Sandblast                          Earth                        1
   Stoneskin                          Transmutation/Earth          2
   Passwall                           Transmutation/Earth          3
   Stone Arrow                        Conjuration/Earth            3
   Petrify                            Transmutation/Earth          4
   Lee's Rapid Deconstruction         Earth                        5


   Skills:
 - Level 2.4(2.0) Dodging
 - Level 2.6(2.2) Stealth
 + Level 7.4(7.0) Spellcasting
 + Level 8.5(8.1) Conjurations
 - Level 4.1(3.7) Charms


You had 10 spell levels left.
You knew the following spells:

 Your Spells              Type           Power        Failure   Level  Hunger
a - Magic Dart            Conj           ####         1%          1    None
b - Searing Ray           Conj           ####..       1%          2    None
c - Iskenderun's Battles  Conj/Chrm      ####....     30%         5    #####..
d - Iskenderun's Mystic   Conj           ####....     6%          4    ####...


Dungeon Overview and Level Annotations

Branches:
Dungeon (7/15)
 Temple: D:4-7

Altars:

Shops:
D:6 !

Annotations:
D:6 Edmund


Innate Abilities, Weirdness & Mutations

You recuperate from illness quickly.
You are small and have problems with some larger weapons.
You are carnivorous and can eat meat at any time.
You can eat rotten meat.


Message History

Edmund is almost dead.
Edmund hits you with a dire flail.
All of the chunks of flesh in your inventory have completely rotted away.
You hit Edmund.
Edmund is almost dead.
Edmund hits you with a dire flail. Edmund barely misses you.
You hit Edmund but do no damage.
Edmund is almost dead.
Edmund completely misses you. Edmund hits you with a dire flail!
You hit Edmund but do no damage.
Edmund is almost dead.
Edmund hits you with a dire flail.
* * * LOW HITPOINT WARNING * * *
Edmund closely misses you.
You hit Edmund but do no damage.
Edmund is almost dead.
Edmund hits you with a dire flail.
* * * LOW HITPOINT WARNING * * *
Edmund hits you with a dire flail!
You die...

#.# #).......##.# #.# #.#.#
#.####[.......##.###.# ###.#.###
.......<......#......# #........
..............#......# #........
...................*.# #........
.............##......# #........
.......########......# #........
.....%.########......####........
...............@@.......>........
.......########......######.#####
######## ######.#......#
#[#......# #........# ###......#
#......# #......# ########


You could see Edmund.

Vanquished Creatures
  Prince Ribbit (D:5)
  Eustachio (D:5)
  A water moccasin (D:6)
  2 ogres
  An ice beast (D:5)
  Duvessa (D:5)
  7 big kobolds (D:7)
  A centaur (D:5)
  Blork the orc (D:4)
  2 scorpions
  5 wights (D:6)
  Dowan (D:5)
  A giant frog zombie (D:5)
  2 crimson imps (D:6)
  5 hounds
  Crazy Yiuf (D:4)
  4 orc priests
  3 orc wizards
  A quasit (D:7)
  2 iguanas (D:6)
  2 worker ants
  3 gnolls (D:6)
  An adder (D:3)
  A green rat (D:5)
  2 shadow imps (D:7)
  A worm (D:2)
  A gnoll skeleton (D:3)
  An orc skeleton (D:4)
  4 giant eyeballs
  4 giant geckos
  2 oozes
  9 orcs
  A ball python (D:5)
  11 bats
  8 goblins
  15 hobgoblins
  8 jackals
  13 kobolds
  3 quokkas
  4 giant cockroaches
  5 giant newts
  A giant newt skeleton (D:5)
  A kobold skeleton (D:5)
  10 rats
  A rat skeleton (D:6)
155 creatures vanquished.

Notes
Turn   | Place    | Note
--------------------------------------------------------------
     0 | D:1      | KaKa, the Kobold Conjurer, began the quest for the Orb.
     0 | D:1      | Reached XP level 1. HP: 10/10 MP: 3/3
     2 | D:1      | Noticed a shark
   373 | D:1      | Reached XP level 2. HP: 15/15 MP: 0/4
   469 | D:1      | Reached skill level 4 in Conjurations
   538 | D:1      | Learned a level 2 spell: Searing Ray
  1223 | D:2      | Reached XP level 3. HP: 19/19 MP: 4/6
  2030 | D:2      | Reached XP level 4. HP: 24/24 MP: 2/8
  2618 | D:3      | Reached XP level 5. HP: 28/28 MP: 4/11
  2629 | D:3      | Reached skill level 5 in Conjurations
  3047 | D:3      | Learned a level 5 spell: Iskenderun's Battlesphere
  3216 | D:3      | Reached skill level 1 in Charms
  3216 | D:3      | Reached XP level 6. HP: 32/32 MP: 5/13
  3624 | D:4      | Noticed Crazy Yiuf
  3646 | D:4      | Killed Crazy Yiuf
  3754 | D:4      | Noticed Blork the orc
  3791 | D:4      | Killed Blork the orc
  3791 | D:4      | Reached XP level 7. HP: 15/36 MP: 3/17
  4385 | D:5      | Entered Level 5 of the Dungeon
  4625 | D:5      | Noticed Duvessa
  4625 | D:5      | Noticed Dowan
  4738 | D:5      | Killed Duvessa
  4911 | D:5      | Noticed Prince Ribbit
  5074 | D:5      | Killed Dowan
  5074 | D:5      | Reached skill level 6 in Conjurations
  5247 | D:5      | Reached XP level 8. HP: 41/41 MP: 13/18
  5291 | D:5      | Paralysed by a giant eyeball for 2 turns
  5295 | D:5      | Paralysed by a giant eyeball for 2 turns
  5400 | D:5      | Learned a level 4 spell: Iskenderun's Mystic Blast
  5550 | D:5      | Noticed Eustachio
  5577 | D:5      | Killed Eustachio
  5577 | D:5      | Reached skill level 5 in Spellcasting
  6053 | D:5      | Killed Prince Ribbit
  6550 | D:6      | Reached skill level 7 in Conjurations
  6557 | D:6      | Reached XP level 9. HP: 45/45 MP: 11/22
  6909 | D:6      | Found Ajul's Distillery.
  6917 | D:6      | Bought a potion of heal wounds for 36 gold pieces
  6917 | D:6      | Bought a potion of heal wounds for 36 gold pieces
  6972 | D:6      | Got a bloodstained flail
  6973 | D:6      | Identified the +7,+5 flail of Growth {vamp, *Rage +Inv rElec rPois Int+2} (You found it on level 6 of the Dungeon)
  6993 | D:6      | Paralysed by a giant eyeball for 4 turns
  7399 | D:6      | Noticed Edmund
  7428 | D:6      | Reached skill level 8 in Conjurations
  7787 | D:6      | Slain by Edmund

Action                   |  1- 3 |  4- 6 |  7- 9 || total
-------------------------+-------+-------+-------++-------
Melee: Unarmed           |    17 |       |       ||    17
       Dagger            |    14 |       |       ||    14
       War axe           |       |    29 |    45 ||    74
       Flail             |       |       |    55 ||    55
 Fire: Sling             |    11 |    11 |       ||    22
 Cast: Magic Dart        |    74 |    56 |   103 ||   233
       Searing Ray       |     6 |    12 |    44 ||    62
       Iskenderun's Myst |       |       |     3 ||     3
       Iskenderun's Batt |       |       |     2 ||     2
Evoke: Wand              |       |     1 |     3 ||     4
  Use: Scroll            |     3 |       |     6 ||     9
       Potion            |       |     4 |     3 ||     7
 Stab: Distracted        |       |       |     1 ||     1
